 Dungeon Crawl Stone Soup version 0.26-a0-808-g930a2b7adc (webtiles) character file.

Game seed: 6856277809988611581

33630 Kinoniko the Severer (level 13, -3/162 HPs)
             Began as a Grey Draconian Berserker on Nov 12, 2020.
             Was a High Priest of Trog.
             Slain by a 13-headed hydra (16 damage)
             ... on level 3 of the Lair of Beasts.
             The game lasted 00:19:50 (17411 turns).

Kinoniko the Severer (Grey Draconian Berserker)    Turns: 17411, Time: 00:19:52

Health: -3/162     AC: 16    Str: 23    XL:     13   Next: 37%
Magic:  13/13      EV: 14    Int: 14    God:    Trog [*****.]
Gold:   1077       SH:  0    Dex: 12    Spells: 12/12 levels left

rFire    . . .     SeeInvis +   h - +5 executioner's axe (vorpal)
rCold    . . .     Faith    .   (shield currently unavailable)
rNeg     . . .     Spirit   .   (armour unavailable)
rPois    .         Reflect  .   (helmet restricted)
rElec    .         Harm     .   (no cloak)
rCorr    .         Rampage  .   A - +2 pair of gloves
MR       .....                  (no boots)
Stlth    ..........             f - amulet of the acrobat
HPRegen  0.37/turn              i - +6 ring of intelligence
MPRegen  0.13/turn              o - ring of see invisible

@: berserking, very quick
A: walk through water, unfitting armour, unbreathing, cold-blooded, AC +13
a: Berserk, Trog's Hand, Brothers in Arms, Renounce Religion


You were on level 3 of the Lair of Beasts.
You worshipped Trog.
Trog was extremely pleased with you.
You visited 2 branches of the dungeon, and saw 16 of its levels.
You also visited: Ossuary.

You collected 1077 gold pieces.

Inventory:

Hand Weapons
 h - a +5 vorpal executioner's axe (weapon)
 j - a +2 war axe of venom
 z - a +3 vorpal broad axe
Armour
 u - a +5 kite shield
 A - a +2 pair of gloves (worn)
Jewellery
 a - an uncursed ring of wizardry
 c - an uncursed ring of magical power
 f - an amulet of the acrobat (around neck)
 i - a +6 ring of intelligence (left hand)
 o - a ring of see invisible (right hand)
 w - an uncursed ring of wizardry
Wands
 d - a wand of acid (20)
 p - a wand of iceblast (21)
 x - a wand of enslavement (24)
 y - a wand of digging (6)
 E - a wand of flame (17)
 F - a wand of polymorph (8)
 J - a wand of paralysis (21)
 K - a wand of random effects (21)
Scrolls
 b - 9 scrolls of remove curse
 e - 4 scrolls of identify
 m - 11 scrolls of teleportation
 r - a scroll of blinking
 B - 2 scrolls of enchant armour
 C - a scroll of torment
 D - a scroll of silence
 H - 3 scrolls of fear
 I - 3 scrolls of amnesia
 L - 2 scrolls of brand weapon
 N - a scroll of immolation
Potions
 g - 5 potions of haste
 k - 3 potions of mutation
 l - 7 potions of heal wounds
 n - 7 potions of curing
 q - a potion of degeneration
 s - 2 potions of brilliance
 t - a potion of berserk rage
 v - 6 potions of flight
 G - 4 potions of ambrosia


   Skills:
 + Level 8.5 Fighting
 * Level 18.0 Axes
 + Level 5.2 Dodging
 - Level 9.8 Shields


You had 12 spell levels left.
You didn't know any spells.
Your spell library contained the following spells:

 Spells                   Type           Power        Failure   Level
 Corona                   Hex            #......      28%         1
 Summon Small Mammal      Summ           #...         28%         1
 Call Imp                 Summ           #.......     41%         2
 Ensorcelled Hibernation  Hex/Ice        #.....       41%         2
 Call Canine Familiar     Summ           #.......     65%         3
 Confusing Touch          Hex            #.......     65%         3
 Dazzling Flash           Conj/Hex       #.....       65%         3
 Summon Guardian Golem    Hex/Summ       #.......     65%         3
 Tukima's Dance           Hex            #.......     65%         3
 Summon Ice Beast         Ice/Summ       #.......     96%         4
 Summon Lightning Spire   Summ/Air       #.......     96%         4


Dungeon Overview and Level Annotations

Branches:
Dungeon (13/15)            Temple (0/1) D:7            Lair (3/6) D:11
  Swamp (0/4) Lair:3       Spider (0/4) Lair:2          Orc (0/2) D:12
Ossuary (visited)
 Vaults: D:13-14

Altars:
Ashenzari
Dithmenos
Fedhas
Hepliaklqana
Makhleb
Nemelex Xobeh
Okawaru
Qazlal
Sif Muna
Trog
Vehumet
Wu Jian
Xom
Yredelemnul
The Shining One

Annotations:
D:3 2 transporters, temitten's ghost, amateur DsMo
D:4 2 runed translucent doors, n0tAlx's ghost, novice OpTm
D:12 2 transporters, 1 runed translucent door, Kinoniko's ghost, journeyman HuBe
Lair:3 exclusion: oklob plant


Innate Abilities, Weirdness & Mutations

You can walk through water.
Your dull iron-grey scales are very hard. (AC +13)
You cannot fit into any form of body armour.
You can survive without breathing.
You are cold-blooded and may be slowed by cold attacks.


Message History

Unknown command.
You chop one of the 12-headed hydra's heads off!
The 11-headed hydra grows two more!
You slash the 13-headed hydra!
The 13-headed hydra is almost dead.
The 13-headed hydra bites you but does no damage.
The 13-headed hydra bites you!
* * * LOW HITPOINT WARNING * * *
The 13-headed hydra bites you.
* * * LOW HITPOINT WARNING * * *
The 13-headed hydra closely misses you.
The 13-headed hydra bites you but does no damage.
The 13-headed hydra misses you.
The 13-headed hydra bites you but does no damage. x2
The 13-headed hydra bites you.
* * * LOW HITPOINT WARNING * * *
The 13-headed hydra bites you but does no damage.
The 13-headed hydra bites you!
* * * LOW HITPOINT WARNING * * *
The 13-headed hydra bites you!
You die...

...## #....###.
..[.###.....>.. ....
...###........# ....
...#.#........# .....
............... .$...
..............# ......
...####.......####......
..## #.................
..## #.........@D...P#
...# ##.........#$....#
...# #.........###...P#
..## #...##....## ...##
...# #...###....# ..#
..#####...##...## ...#
...#..[..P##...# .##
.....###.......# ..
.....# #...........


You could see a 13-headed hydra.

Vanquished Creatures
  Rupert (D:12)
  Josephine (D:10)
  A hydra (Lair:2)
  2 death yaks (Lair:2)
  Nergalle (D:11)
  3 skeletal warriors (D:13)
  2 ugly things
  A gargoyle (D:11)
  6 cane toads
  5 komodo dragons
  2 rime drakes
  A queen bee (Lair:3)
  3 trolls
  A hornet (D:11)
  A blink frog (Lair:3)
  3 shadows
  10 wyverns
  A centaur simulacrum (D:12)
  A water elemental (D:11)
  3 redbacks (Lair:2)
  5 basilisks
  5 wraiths
  22 yaks
  3 steam dragons (Lair:3)
  Grum (D:11)
  A vampire mosquito (D:12)
  An acid dragon (D:12)
  12 water moccasins
  2 orc warriors
  2 ice beasts (D:10)
  3 black bears
  An eye of draining (D:10)
  3 sky beasts
  8 ogres
  2 necrophages
  13 centaurs
  3 phantoms
  23 wolves
  A big kobold (D:9)
  12 bullfrogs
  A water moccasin zombie (D:6)
  4 scorpions
  29 killer bees (Lair:3)
  15 wights
  3 electric eels (D:11)
  4 howler monkeys
  A bullfrog zombie (D:9)
  A quasit (D:7)
  10 hounds
  4 jellies
  3 orc priests
  5 centaur skeletons
  3 bullfrog skeletons
  7 worker ants
  Natasha (thrice) (D:3)
  2 iguanas
  4 orc wizards
  2 hound skeletons
  3 mummies (Ossuary)
  A worker ant zombie (D:7)
  A gnoll (D:6)
  8 adders
  A river rat (Lair:3)
  A shadow imp (D:7)
  3 white imps
  An ufetubus (D:9)
  An ooze (D:7)
  An adder skeleton (D:8)
  An adder zombie (D:9)
  A worm (D:6)
  A dart slug (D:1)
  4 leopard geckos
  24 orcs
  3 bats
  3 giant cockroaches
  6 goblins
  6 hobgoblins
  5 jackals
  2 quokkas
  A ball python (D:3)
  3 frilled lizards
  4 goblin zombies (Ossuary)
  4 hobgoblin zombies (Ossuary)
  11 kobolds
  3 kobold zombies (Ossuary)
  A quokka skeleton (D:4)
  12 rats
389 creatures vanquished.

Vanquished Creatures (collateral kills)
  A hydra (D:12)
  A death yak (Lair:2)
  Sonja (D:10)
  A deep elf mage (D:12)
  An ugly thing (D:12)
  A yaktaur (D:12)
  An orc warrior (D:12)
7 creatures vanquished.

Vanquished Creatures (others)
  A killer bee (Lair:3)
  3 bushes (D:11)
  8 fungi
  29 plants
41 creatures vanquished.

Grand Total: 437 creatures vanquished

Notes
Turn   | Place    | Note
-------+----------+-------------------------------------------
     0 | D:1      | Kinoniko the Draconian Berserker began the quest for the
                  | Orb.
     0 | D:1      | Reached XP level 1. HP: 19/19 MP: 1/1
   267 | D:1      | Reached XP level 2. HP: 26/26 MP: 2/2
  1122 | D:2      | Reached skill level 4 in Axes
  1122 | D:2      | Reached XP level 3. HP: 29/31 MP: 3/3
  1515 | D:2      | Found a hazy altar of Hepliaklqana.
  1531 | D:2      | Reached ** piety under Trog
  2056 | D:3      | Found a transporter.
  2056 | D:3      | Noticed temitten's ghost (amateur DsMo)
  2059 | D:3      | Found a transporter.
  2119 | D:3      | Reached XP level 4. HP: 38/38 MP: 4/4
  2506 | D:3      | Reached skill level 5 in Axes
  2679 | D:3      | Noticed Natasha
  2686 | D:3      | Killed Natasha
  2995 | D:3      | Noticed Natasha
  3004 | D:3      | Killed Natasha
  3004 | D:3      | Reached XP level 5. HP: 45/45 MP: 5/5
  3052 | D:3      | Noticed Natasha
  3057 | D:3      | Killed Natasha
  3192 | D:4      | Reached skill level 6 in Axes
  3246 | D:4      | Reached XP level 6. HP: 28/51 MP: 6/6
  3430 | D:4      | Reached skill level 7 in Axes
  3895 | D:4      | Found a runed translucent door.
  3899 | D:4      | Reached skill level 8 in Axes
  3899 | D:4      | Your scales start taking on a dull iron-grey colour.
  3899 | D:4      | Reached XP level 7. HP: 57/57 MP: 7/7
  3899 | D:4      | Gained mutation: You can survive without breathing. [Grey
                  | Draconian growth]
  4108 | D:4      | Found a runed translucent door.
  4108 | D:4      | Noticed n0tAlx's ghost (novice OpTm)
  4156 | D:4      | Found a glowing golden altar of the Shining One.
  4169 | D:4      | Found a basalt altar of Yredelemnul.
  4385 | D:5      | Entered Level 5 of the Dungeon
  4611 | D:5      | Reached *** piety under Trog
  4618 | D:5      | Reached skill level 9 in Axes
  4821 | D:5      | Reached skill level 1 in Shields
  4901 | D:5      | Found a radiant altar of Vehumet.
  4968 | D:6      | Reached XP level 8. HP: 63/63 MP: 8/8
  5027 | D:6      | Reached skill level 10 in Axes
  5415 | D:6      | Found a burning altar of Makhleb.
  5415 | D:6      | Noticed a balrug
  5482 | D:6      | Found a sand-covered staircase.
  5600 | Ossuary  | Entered an ossuary
  5755 | Ossuary  | Reached skill level 11 in Axes
  5755 | Ossuary  | Reached XP level 9. HP: 70/70 MP: 9/9
  6109 | D:6      | Found a broken altar of Ashenzari.
  6333 | D:7      | Found a staircase to the Ecumenical Temple.
  6374 | D:7      | Found a blossoming altar of Fedhas.
  6393 | D:7      | Found a shadowy altar of Dithmenos.
  6506 | D:7      | Reached **** piety under Trog
  6512 | D:7      | Reached skill level 5 in Shields
  6584 | D:7      | Found a sparkling altar of Nemelex Xobeh.
  6854 | D:7      | Found a broken altar of Ashenzari.
  6856 | D:7      | Found a shimmering altar of Xom.
  6856 | D:7      | Found a shimmering altar of Xom.
  6858 | D:7      | Found a shimmering altar of Xom.
  6858 | D:7      | Found a white marble altar of Elyvilon.
  6858 | D:7      | Found an ornate altar of the Wu Jian Council.
  7125 | D:8      | Reached skill level 12 in Axes
  7388 | D:8      | Found an iron altar of Okawaru.
  7392 | D:8      | Found a shimmering blue altar of Sif Muna.
  7471 | D:8      | Found a bloodstained altar of Trog.
  7815 | D:9      | Reached ***** piety under Trog
  7863 | D:9      | Noticed a troll
  7870 | D:9      | Killed a troll
  7870 | D:9      | Reached XP level 10. HP: 77/77 MP: 10/10
  8515 | D:10     | Entered Level 10 of the Dungeon
  8585 | D:10     | Reached skill level 13 in Axes
  9127 | D:10     | Found a stormy altar of Qazlal.
  9336 | D:11     | Noticed a gargoyle
  9355 | D:11     | Killed a gargoyle
  9461 | D:11     | Reached skill level 14 in Axes
  9462 | D:11     | Noticed Sonja
  9468 | D:11     | Noticed Josephine
  9490 | D:11     | HP: 1/77 [Josephine/+0 dagger of electrocution (13)]
  9505 | D:10     | Killed Josephine
  9505 | D:10     | Reached XP level 11. HP: 74/82 MP: 11/11
  9561 | D:10     | Killed Sonja
 10084 | D:11     | Reached skill level 15 in Axes
 10479 | D:11     | Noticed Nergalle
 10490 | D:11     | Killed Nergalle
 10796 | D:11     | Found a staircase to the Lair.
 10818 | D:11     | Noticed Grum
 10825 | D:11     | Received a gift from Trog
 10839 | D:11     | Killed Grum
 11264 | D:11     | Noticed a cyan ugly thing
 11273 | D:11     | Killed a cyan ugly thing
 11692 | D:12     | Noticed Rupert
 11707 | D:12     | Killed Rupert
 11707 | D:12     | Reached skill level 16 in Axes
 11707 | D:12     | Reached XP level 12. HP: 28/92 MP: 12/12
 11834 | D:12     | Noticed a death knight
 11837 | D:12     | Noticed Kinoniko's ghost (journeyman HuBe)
 11849 | D:12     | Found a transporter.
 11857 | D:12     | Found a transporter.
 11986 | D:12     | Noticed a four-headed hydra
 11990 | D:12     | Killed a five-headed hydra
 11990 | D:12     | Reached skill level 5 in Fighting
 12268 | D:12     | Found a runed translucent door.
 12299 | D:12     | Identified the +3 robe of Subjectivity {-Cast +Fly Str+6
                  | Dex-4}
 12421 | D:12     | Found a staircase to the Orcish Mines.
 12839 | D:13     | Noticed a four-headed hydra
 12842 | D:13     | Reached skill level 17 in Axes
 12842 | D:13     | Noticed a centaur warrior
 13205 | Lair:1   | Entered Level 1 of the Lair of Beasts
 14490 | Lair:1   | Received a gift from Trog
 15017 | Lair:2   | Noticed a death yak
 15017 | Lair:2   | Noticed a death yak
 15018 | Lair:2   | Noticed a death yak
 15031 | Lair:2   | Killed a death yak
 15033 | Lair:2   | Killed a death yak
 15033 | Lair:2   | Reached XP level 13. HP: 107/107 MP: 13/13
 15707 | Lair:2   | Found a hole to the Spider Nest.
 16514 | Lair:3   | Found a staircase to the Swamp.
 17166 | Lair:3   | Reached skill level 5 in Dodging
 17174 | Lair:3   | Reached skill level 18 in Axes
 17196 | Lair:3   | Received a gift from Trog
 17411 | Lair:3   | Slain by a 13-headed hydra

Illustrated notes

Levels and vault maps discovered:
D:1:      beargit_arrival_greenhouse, layout_loops_ring, minmay_tromino_v4_c
D:2:      layout_basic, lemuel_crystal_altar, corner_web_ring
D:3:      layout_loops_ring, gammafunk_ghost_mausoleum, solitary_fountain,
          uniq_natasha
D:4:      layout_loops_ring, grunt_temple_overflow_holy_war,
          ebering_ghost_sewer_f
D:5:      layout_rooms, marbit_many_paths
D:6:      cheibrodos_fzero, layout_basic, makhleb_altar_promises_db,
          kennysheep_mini_moat, enter_ossuary_2, st_stairs_9
D:7:      layout_basic, doesnt_xom_only_xom, overflow_temple_1_default,
          fedhas_altar_3, temple_statues, nemelex_dance_club_becter
D:8:      layout_loops_ring, lemuel_crystal_altar, grunt_temple_overflow_open
D:9:      layout_cave_pools, serial_co_window_serial, co_window_cross_1,
          co_window_of_opportunity_a, co_window_paths_a, co_window_paths_b,
          co_window_corner_a, co_window_corner_b, co_window_corner_ca,
          co_window_unsneaky_path_b, glass_columns_a, glass_columns_a,
          glass_columns_c, glass_columns_b
D:10:     layout_cave_pools, grunt_qazlal_sundering
D:11:     layout_basic, minmay_lair_entry_grove, uniq_grum, uniq_nergalle,
          uniq_josephine, uniq_sonja
D:12:     minmay_triangles_in_corner, layout_basic, orc_0_dummy,
          gammafunk_ghost_mausoleum, lightli_church_of_beogh, uniq_rupert
D:13:     layout_cave_pools, lightli_vaults_fourway_checkpoint, basic_altar,
          serial_shops, nicolae_shop_waterfront, shop, shop,
          nicolae_shop_crystal
Lair:1:   layout_cave_pods, lemuel_fruit_tree, grunt_megastairs_5
Lair:2:   layout_cave_pods, spider_nest_entry_funnel_web, grunt_megastairs_2
Lair:3:   regret_index_harrowing_hell_hive, layout_small_grid, swamp_mist_pool

Skill      XL: |  1  2  3  4  5  6  7  8  9 10 11 12 13 |
---------------+----------------------------------------+-----
Axes           | 4 5 6 8 9 11 12 14 16 17 18 | 18.0
Shields        | 1 4 6 8 9 |  9.8
Fighting       | 4 7 8 |  8.5
Dodging        | 4 5 |  5.2

Action                   |  1- 3 |  4- 6 |  7- 9 | 10-12 | 13-15 || total
-------------------------+-------+-------+-------+-------+-------++-------
Melee: Hand axe          |    85 |    12 |       |       |       ||    97
       Tailslap          |    11 |    12 |    46 |    71 |    16 ||   156
       War axe           |       |    85 |   343 |   335 |       ||   763
       Executioner's axe |       |       |       |   165 |   150 ||   315
Invok: Berserk           |     2 |     6 |    10 |    20 |     6 ||    44
       Trog's Hand       |       |       |     2 |     4 |       ||     6
       Brothers in Arms  |       |       |       |     3 |       ||     3
  Use: Scroll            |     1 |       |    25 |    11 |     6 ||    43
       Potion            |       |       |     4 |     8 |     2 ||    14
 Stab: Sleeping          |       |     1 |     1 |     1 |       ||     3
       Distracted        |       |       |     1 |     2 |       ||     3
       Invisible         |       |       |       |     2 |       ||     2
Armor: Skin              |    19 |    28 |    86 |   146 |    91 ||   370
Dodge: Dodged            |    50 |    75 |   129 |   264 |   172 ||   690
Block: Kite shield       |       |       |   255 |   257 |       ||   512

Table legend: (Time is in decaauts)
 A = Elapsed time spent in this place.
 B = Non-inter-level travel time spent in this place.
 C = Inter-level travel time spent in this place.
 D = Time resting spent in this place.
 E = Time spent auto-exploring this place.
 F = Levels seen in this place.
 G = Mean time per level.
                   A        B        C        D        E       F      G
               +--------+--------+--------+--------+--------+-----+--------+
         Total |  17788 |  17386 |    402 |   5225 |   9813 |  17 | 1046.4 |
       Dungeon |  13124 |  12753 |    371 |   3692 |   7240 |  13 | 1009.5 |
          Lair |   4298 |   4267 |     31 |   1533 |   2297 |   3 | 1432.7 |
       Ossuary |    365 |    365 |      0 |      0 |    276 |   1 |  365.0 |
               +--------+--------+--------+--------+--------+-----+--------+

Top non-repeatable levels by time:
    D:11: 2056 daAuts
  Lair:1: 1766 daAuts
    D:12: 1616 daAuts
  Lair:2: 1471 daAuts
     D:4: 1263 daAuts
     D:3: 1170 daAuts
     D:1: 1108 daAuts
    D:10: 1089 daAuts
  Lair:3: 1059 daAuts
     D:2: 951 daAuts
     D:9: 910 daAuts
     D:6: 883 daAuts
     D:7: 825 daAuts
     D:8: 645 daAuts
     D:5: 586 daAuts
